 Dungeon Crawl Stone Soup version 0.31.0-32-g396128a36d (webtiles) character file.

Game seed: 15125824883108871191

161 Lungfish the Magician (level 5, -15/35 HPs)
             Began as a Djinni Air Elementalist on Mar 14, 2024.
             Demolished by an orc warrior
             ... wielding a +0 war axe
              (17 damage)
             ... on level 4 of the Dungeon on Mar 20, 2024.
             The game lasted 00:16:24 (3299 turns).

Lungfish the Magician (Djinni Air Elementalist)     Turns: 3299, Time: 00:16:25

Health: -15/35     AC:  2    Str:  7    XL:     5   Next: 70%
Gold:   306        EV: 12    Int: 19    God:
                   SH:  0    Dex: 13

rFire   + + .        s - +0 falchion
rCold   x . .        (no shield)
rNeg    . . .        a - +0 robe
rPois   ∞            (no helmet)
rElec   .            (no cloak)
rCorr   +            (no gloves)
SInv    +            (boots unavailable)
Will    .....        (no amulet)
Stlth   ++           u - ring of resist corrosion
HPRegen 0.25/turn    y - ring of see invisible
MPRegen 0.00/turn

%: infuse magic (-16 HP)
@: swift, flying, quick
A: sickness immunity, fire resistance 2, cold vulnerability 1, float, innate
caster, HP casting, extra vitality 1
a: no special abilities


You were on level 4 of the Dungeon.
You visited 1 branch of the dungeon, and saw 5 of its levels.

You collected 306 gold pieces.

Inventory:

Hand Weapons
 s - a +0 falchion (weapon)
Armour
 a - a +0 robe (worn)
 b - a scarf of harm
Magical Staves
 v - a staff of alchemy
Jewellery
 u - a ring of resist corrosion (left hand)
 y - a ring of see invisible (right hand)
Wands
 w - a wand of roots (11)
Scrolls
 c - 3 scrolls of blinking
 d - 2 scrolls of fog {unknown}
 e - a scroll of poison
 f - a scroll of immolation {unknown}
 j - 2 scrolls of noise
 l - 2 scrolls of fear
 o - 3 scrolls of teleportation
 p - 2 scrolls of identify
 r - 2 scrolls of enchant weapon
Potions
 g - 3 potions of enlightenment
 h - 4 potions of curing
 i - 3 potions of invisibility
 k - 2 potions of lignification
 m - a potion of cancellation {unknown}
 n - a potion of heal wounds {unknown}
 q - a potion of might {unknown}
 t - a potion of mutation {unknown}
 x - a potion of degeneration {unknown}
 z - a potion of resistance {unknown}


   Skills:
 - Level 2.1 Dodging
 - Level 1.5 Stealth
 + Level 5.0 Spellcasting
 + Level 5.0 Conjurations
 + Level 5.0 Hexes
 + Level 5.0 Summonings
 + Level 5.0 Necromancy
 + Level 5.0 Translocations
 + Level 5.0 Fire Magic
 + Level 5.0 Ice Magic
 + Level 5.0 Air Magic
 + Level 5.0 Earth Magic
 + Level 5.0 Alchemy


You knew the following spells:

 Your Spells              Type           Power      Damage    Failure   Level
a - Shock                 Conj/Air       96%        1d9       1%          1
b - Static Discharge      Conj/Air       48%        3-5/arc   2%          2
c - Swiftness             Air            24%        N/A       4%          3
d - Airstrike             Air            12%        2d(2-18)  16%         4
e - Summon Small Mammal   Summ           96%        N/A       1%          1
f - Jinxbite              Hex            48%        N/A       2%          2
Your spell library was empty.

Dungeon Overview and Level Annotations

Branches:
Dungeon (5/15)
 Temple: D:4-7

Altars:
Ru

Shops:
D:1 (   D:4 :


Innate Abilities, Weirdness & Mutations

You are immune to sickness and miasma.
You are immune to poison.
Your flesh is very heat resistant. (rF++)
You are vulnerable to cold. (rC-)
You float through the air rather than walking.
You learn spells naturally, not from books.
Your magical power is your life essence.
You have superior vitality. (+4 MHP)


Message History

Your Translocations skill increases to level 5!
Your Fire Magic skill increases to level 5!
Your Ice Magic skill increases to level 5!
Your Air Magic skill increases to level 5!
Your Earth Magic skill increases to level 5!
Your Alchemy skill increases to level 5!
Casting: Shock (safe; 1% risk of failure)
Confirm with . or Enter, or press ? or * to list all spells.
The orc warrior is struck by an arc of lightning.
The orc warrior is lightly wounded.
You are struck by an arc of lightning.
The orc warrior is struck by an arc of lightning.
The orc warrior closely misses you.
An orc comes into view. It is wielding a +0 club.
There is a stone staircase leading up here.
The orc warrior hits you with a +0 war axe.
You fly upwards.
There is a stone staircase leading down here.
Casting: Static Discharge (safe; 2% risk of failure)
Confirm with . or Enter, or press ? or * to list all spells.
The orc warrior is struck by an arc of lightning.
The orc warrior is moderately wounded.
You are struck by an arc of lightning.
The orc warrior is struck by an arc of lightning.
The orc warrior is moderately wounded.
The lightning grounds out.
The orc warrior misses you.
Casting: Static Discharge (safe; 2% risk of failure)
Confirm with . or Enter, or press ? or * to list all spells.
Aiming: Shock (safe; 1% risk of failure)
Press: ? - help, Shift-Dir - straight line, f - orc warrior
Aim: an orc warrior, wielding a +0 war axe and wearing a +0 plate armour (moderately wounded, 74% to hit)
Okay, then.
Casting: Shock (safe; 1% risk of failure)
Confirm with . or Enter, or press ? or * to list all spells.
You feel quick.
The orc warrior hits you with a +0 war axe!
* * * LOW HITPOINT WARNING * * *
The orc warrior attacks as it pursues you!
The orc warrior hits you with a +0 war axe!
You die...

#........#.#####......##
#..#####.#.## #.####..#
#..# #.....# #.# ####
##.# #.....# ##.# .#.#
#.....# #..# .###
#.....###.## .#
#.....##.[## .#
#........>.#
.######........o@#
.#...............#
.#...............#
.#...............#
.#........###.####
.#.......## #.#
.#......#####.#
##.........##.#####
#......#..........#


You could see an orc warrior.

Vanquished Creatures
  Terence (D:3)
  An orc wizard (D:5)
  3 adders (D:4)
  A shadow imp (D:4)
  A dart slug (D:4)
  An orc (D:4)
  10 endoplasms
  2 giant cockroaches
  7 goblins
  7 hobgoblins
  8 kobolds
  2 quokkas
  11 ball pythons
  7 bats
  A frilled lizard (D:1)
  9 rats
72 creatures vanquished.

Notes
Turn   | Place    | Note
-------+----------+-------------------------------------------
     0 | D:1      | Lungfish the Djinni Air Elementalist began the quest for
                  | the Orb.
     0 | D:1      | Lungfish set off with the following spells memorised:
                  | Shock, Static Discharge, Swiftness, Airstrike.
     0 | D:1      | Reached XP level 1. HP: 15/15 MP: 0/0
   126 | D:1      | Reached XP level 2. HP: 19/21 MP: 0/0
   426 | D:1      | Reached XP level 3. HP: 24/25 MP: 0/0
   426 | D:1      | Learned a level 1 spell: Summon Small Mammal
   569 | D:1      | Found Wuahuimu's Weapon Boutique.
   593 | D:1      | Found a faded altar of an unknown god.
  1130 | D:2      | Found a sacrificial altar of Ru.
  1259 | D:2      | Reached XP level 4. HP: 27/31 MP: 0/0
  1846 | D:3      | Noticed Terence
  2479 | D:3      | Killed Terence
  2985 | D:4      | Reached XP level 5. HP: 34/35 MP: 0/0
  2985 | D:4      | Learned a level 2 spell: Jinxbite
  3131 | D:4      | Found Mirchot's Vocational Training.
  3257 | D:5      | Entered Level 5 of the Dungeon
  3275 | D:5      | Noticed an orc warrior
  3293 | D:5      | Reached skill level 5 in Spellcasting
  3293 | D:5      | Reached skill level 5 in Conjurations
  3293 | D:5      | Reached skill level 5 in Hexes
  3293 | D:5      | Reached skill level 5 in Summonings
  3293 | D:5      | Reached skill level 5 in Necromancy
  3293 | D:5      | Reached skill level 5 in Translocations
  3293 | D:5      | Reached skill level 5 in Fire Magic
  3293 | D:5      | Reached skill level 5 in Ice Magic
  3293 | D:5      | Reached skill level 5 in Air Magic
  3293 | D:5      | Reached skill level 5 in Earth Magic
  3293 | D:5      | Reached skill level 5 in Alchemy
  3299 | D:4      | Demolished by an orc warrior

Illustrated notes

Levels and vault maps discovered:
D:1:      minmay_arrival_diagonal_passages, layout_loops_ring,
          ebering_ecumenical_altar_mist, serial_shops, shop
D:2:      layout_basic, basic_altar, minmay_misc_feat_room, minmay_ruptured
D:3:      layout_loops_ring, uniq_terence
D:4:      kennysheep_spiral_hall, layout_rooms, nicolae_shop_vocational
D:5:      layout_layer_cave, uniq_menkaure

Skill      XL: |  1  2  3  4  5 |
---------------+----------------+-----
Spellcasting   | 4 5 |  5.0
Conjurations   | 4 5 |  5.0
Hexes          | 4 5 |  5.0
Summonings     | 4 5 |  5.0
Necromancy     | 4 5 |  5.0
Translocations | 4 5 |  5.0
Fire Magic     | 4 5 |  5.0
Ice Magic      | 4 5 |  5.0
Air Magic      | 4 5 |  5.0
Earth Magic    | 4 5 |  5.0
Alchemy        | 4 5 |  5.0
Dodging        | |  2.1
Stealth        | |  1.5

Action                     |  1- 3 |  4- 6 || total
---------------------------+-------+-------++-------
  Melee: Unarmed           |     1 |       ||     1
         Falchion          |       |     2 ||     2
   Cast: Shock             |    64 |    69 ||   133
         Static Discharge  |     1 |     3 ||     4
         Summon Small Mamm |       |    15 ||    15
         Swiftness         |       |     1 ||     1
    Use: Scroll            |       |    10 ||    10
         Potion            |       |     1 ||     1
 Armour: Robe              |     7 |    23 ||    30
  Dodge: Dodged            |    13 |    14 ||    27
